 Dungeon Crawl Stone Soup version 0.26.0-7-g794d0892b4 (webtiles) character file.

Game seed: 4604580614620630504

26779 Delamore the Warrior (level 13, -12/92 HPs)
             Began as a Gargoyle Fighter on Jan 11, 2021.
             Was the Champion of Okawaru.
             Killed from afar by a lindwurm (36 damage)
             ... with a blast of flame
             ... summoned by Kirke
             ... on level 4 of the Lair of Beasts.
             The game lasted 00:14:20 (12825 turns).

Delamore the Warrior (Gargoyle Fighter)            Turns: 12825, Time: 00:14:20

Health: -12/92     AC:  0    Str: 25    XL:     13   Next: 28%
Magic:  16/16      EV: 13    Int:  9    God:    Okawaru [******]
Gold:   891        SH:  5    Dex:  9    Spells: 12/12 levels left

rFire    . . .     SeeInvis .   (weapon currently unavailable)
rCold    . . .     Faith    .   (shield currently unavailable)
rNeg     + . .     Spirit   .   (armour currently unavailable)
rPois    ∞         Reflect  +   (helmet currently unavailable)
rElec    .         Harm     .   (cloak currently unavailable)
rCorr    .         Rampage  .   (gloves currently unavailable)
Will     .....                  (boots currently unavailable)
Stlth    +.........             o - amulet of reflection
HPRegen  0.25/turn              (ring currently unavailable)
MPRegen  0.15/turn              (ring currently unavailable)

@: pig-form, slowed
A: small, negative energy resistance 1, petrification resistance, miasma
immunity, AC +9
a: Renounce Religion, Heroism, Finesse


You were on level 4 of the Lair of Beasts.
You worshipped Okawaru.
Okawaru was exalted by your worship.
You were a filthy swine.
You visited 3 branches of the dungeon, and saw 13 of its levels.
You also visited: Ossuary.

You collected 891 gold pieces.

Inventory:

Hand Weapons
 E - a +1 flail of protection (melded)
Missiles
 h - 15 poisoned darts
 A - 9 javelins
 U - 8 silver javelins
 W - 9 curare-tipped darts
Armour
 c - a +0 kite shield (melded)
 i - a +0 plate armour (melded)
 y - a +2 cloak (melded)
 D - the +2 pair of gloves of Nyeganit (melded) {*Drain rPois Stlth+}
   (You found it on level 4 of the Lair of Beasts)

   It protects you from poison.
   It causes draining when unequipped.
   It makes you more stealthy.
 O - a +0 pair of gloves
 Q - a +1 pair of boots of flying (melded)
Jewellery
 b - a +4 ring of protection
 g - a +6 ring of strength (melded)
 o - an amulet of reflection (around neck)
 G - a +4 ring of protection (melded)
 T - an uncursed ring of ice
 V - a cursed amulet of inaccuracy {unknown}
Wands
 q - a wand of paralysis (19)
 B - a wand of digging (5)
 H - a wand of iceblast (15)
 I - a wand of polymorph (30)
 K - a wand of acid (36)
 L - a wand of random effects (12)
Scrolls
 a - 3 scrolls of immolation
 k - 2 scrolls of enchant armour
 m - a scroll of brand weapon
 n - 4 scrolls of enchant weapon
 r - 8 scrolls of teleportation
 s - a scroll of fog {unknown}
 t - 10 scrolls of remove curse
 w - 3 scrolls of amnesia
 x - a scroll of noise
 C - a scroll of magic mapping
 M - a scroll of fear
 P - a scroll of holy word
 R - a scroll of blinking {unknown}
 S - a scroll of summoning {unknown}
Potions
 d - 4 potions of might
 e - 12 potions of curing
 f - a potion of flight
 j - 3 potions of lignification {unknown}
 l - 8 potions of mutation
 p - 5 potions of attraction
 u - 3 potions of haste {unknown}
 v - 2 potions of resistance {unknown}
 z - 4 potions of berserk rage {unknown}
 F - 3 potions of experience {unknown}
 J - a potion of heal wounds {unknown}
 N - a potion of brilliance {unknown}


   Skills:
 - Level 15.0 Fighting
 - Level 14.0 Maces & Flails
 - Level 5.0 Throwing
 + Level 5.5 Armour
 + Level 6.7 Shields
 + Level 4.2 Invocations


You had 12 spell levels left.
You didn't know any spells.
Your spell library contained the following spells:

 Spells                   Type           Power        Failure   Level
 Animate Skeleton         Necr           0%           38%         1
 Beastly Appendage        Tmut           0%           38%         1
 Corona                   Hex            0%           38%         1
 Foxfire                  Conj/Fire      0%           38%         1
 Pain                     Necr           0%           38%         1
 Ensorcelled Hibernation  Hex/Ice        0%           52%         2
 Wereblood                Tmut           0%           52%         2
 Confusing Touch          Hex            0%           77%         3
 Conjure Flame            Conj/Fire      0%           77%         3
 Dazzling Flash           Conj/Hex       0%           77%         3
 Inner Flame              Hex/Fire       0%           77%         3
 Spider Form              Tmut/Pois      0%           77%         3
 Tukima's Dance           Hex            0%           77%         3
 Vampiric Draining        Necr           0%           77%         3
 Animate Dead             Necr           0%           99%         4
 Ice Form                 Ice/Tmut       0%           99%         4
 Sticky Flame             Conj/Fire      0%           99%         4
 Agony                    Necr           0%           100%        5
 Blade Hands              Tmut           0%           100%        5
 Fireball                 Conj/Fire      0%           100%        5


Dungeon Overview and Level Annotations

Branches:
Dungeon (8/15)             Temple (1/1) D:5            Lair (4/6) D:8
 Shoals (0/4) Lair:2       Spider (0/4) Lair:3      Ossuary (visited)

Altars:
Ashenzari
Cheibriados
Elyvilon
Fedhas
Gozag
Makhleb
Nemelex Xobeh
Okawaru
Trog
Zin
The Shining One

Shops:
D:7 :

Annotations:
Lair:4 Kirke


Innate Abilities, Weirdness & Mutations

You are resistant to torment.
((Your stone body is resilient. (AC +9)))
You are immune to poison.
You resist negative energy. (rN+)
((You are resistant to electric shocks. (rElec)))
((You can survive without breathing.))
You are immune to petrification.
You are immune to miasma.


Message History

Your +6 ring of strength melds into your body.
Your +4 ring of protection melds into your body.
Your +1 flail of protection goes still.
You float gracefully downwards.
You feel weaker. The lindwurm breathes flames at you.
The blast of flame misses you. The hog bites you!
You hear some strange, mumbled words.
You feel a momentary urge to oink.
You bite the lindwurm!
The lindwurm is severely wounded.
The harpy closely misses you. x2; The hog bites you!
You block the lindwurm's attack. The lindwurm claws you!
The lindwurm misses you. Something hits you!
* * * LOW HITPOINT WARNING * * *
You are too injured to fight recklessly!
You are too injured to fight recklessly!
You are too injured to fight recklessly!
The lindwurm breathes flames at you. The blast of flame hits you!!!
You die...

#.....(........
#.#.....@...
#......h.#
#.#.#..P# ##.#.####
##.#.H.#
.###P.h#{##
....(.kh##
..###.Hh###
#.....##
♣♣..##P..####
....^♣##.....#
.≈≈.≈♣.....#..#
.≈....♣......##
≈≈≈.≈...##...#
≈.≈.≈≈≈≈..♣..#..##
≈..≈≈.≈...≈..##...#


You could see a lindwurm (summoned, catching breath), 2 harpies and 2 hogs.

Vanquished Creatures
  Nessos (Lair:4)
  2 hydras (Lair:2)
  3 death yaks
  Sonja (Lair:4)
  Pikel (D:8)
  9 elephants
  3 black mambas (Lair:4)
  A rime drake (Lair:4)
  12 cane toads
  7 komodo dragons
  A jumping spider (Lair:3)
  Grinder (D:3)
  9 blink frogs
  A snapping turtle (Lair:2)
  2 redbacks (Lair:3)
  23 yaks
  A hog (Lair:4)
  2 basilisks
  10 water moccasins
  A black bear (D:6)
  An orc warrior (D:7)
  A sky beast (D:8)
  5 ogres
  4 centaurs
  A phantom (D:8)
  9 wolves
  A lemure (D:8)
  A big kobold (D:7)
  13 bullfrogs
  14 scorpions
  A water moccasin skeleton (D:4)
  3 killer bees (D:7)
  5 wights (D:7)
  An electric eel (Lair:1)
  5 howler monkeys
  2 centaur zombies (Ossuary)
  4 human zombies (Ossuary)
  2 jellies
  A quasit (D:5)
  A hound (D:8)
  4 bullfrog skeletons
  A gnoll shaman (D:4)
  2 orc priests (D:6)
  Crazy Yiuf (D:3)
  An iguana (D:8)
  2 orc wizards (D:6)
  Ijyb (D:5)
  Natasha (thrice) (D:4)
  5 worker ants
  2 big kobold zombies (Ossuary)
  3 mummies (Ossuary)
  A worker ant zombie (D:7)
  3 gnolls (D:4)
  4 scorpion zombies (Ossuary)
  6 adders
  A river rat (D:8)
  A shadow imp (D:5)
  A white imp (D:7)
  4 ufetubi
  An ooze (D:3)
  An adder zombie (D:7)
  4 worms
  A dart slug (D:4)
  3 leopard geckos
  12 orcs
  6 giant cockroaches
  2 gnoll zombies (Ossuary)
  7 goblins
  6 hobgoblins
  3 jackals (D:5)
  11 kobolds
  6 quokkas
  2 ball pythons
  4 bats
  4 frilled lizards
  A goblin zombie (Ossuary)
  3 hobgoblin zombies (Ossuary)
  3 kobold zombies (Ossuary)
  A leopard gecko skeleton (D:5)
  2 orc zombies (Ossuary)
  A quokka zombie (D:7)
  8 rats
304 creatures vanquished.

Vanquished Creatures (others)
  18 fungi
  14 plants
32 creatures vanquished.

Grand Total: 336 creatures vanquished

Notes
Turn   | Place    | Note
-------+----------+-------------------------------------------
     0 | D:1      | Delamore the Gargoyle Fighter began the quest for the Orb.
     0 | D:1      | Reached XP level 1. HP: 14/14 MP: 1/1
   187 | D:1      | Reached XP level 2. HP: 19/19 MP: 2/2
   780 | D:2      | Reached XP level 3. HP: 24/24 MP: 3/3
  1508 | D:3      | Reached skill level 4 in Fighting
  1549 | D:3      | Reached XP level 4. HP: 21/29 MP: 4/4
  1751 | D:3      | Noticed Grinder
  1760 | D:3      | Paralysed by Grinder for 4 turns
  1906 | D:3      | Killed Grinder
  1907 | D:3      | Reached skill level 5 in Fighting
  1907 | D:3      | Reached skill level 5 in Shields
  1907 | D:3      | Reached XP level 5. HP: 19/35 MP: 5/5
  1907 | D:3      | Reached XP level 6. HP: 22/40 MP: 6/6
  2159 | D:3      | Found a runed translucent door.
  2160 | D:3      | Noticed Crazy Yiuf
  2305 | D:3      | Killed Crazy Yiuf
  2509 | D:4      | Reached skill level 5 in Maces & Flails
  2534 | D:4      | Reached XP level 7. HP: 43/44 MP: 7/7
  2589 | D:4      | Noticed Natasha
  2598 | D:4      | Killed Natasha
  2687 | D:4      | Found an opulent altar of Gozag.
  2696 | D:4      | Noticed Natasha
  2703 | D:4      | Killed Natasha
  2720 | D:4      | Noticed Natasha
  2738 | D:4      | Killed Natasha
  2760 | D:4      | Found a glowing silver altar of Zin.
  2951 | D:5      | Entered Level 5 of the Dungeon
  3456 | D:5      | Noticed Ijyb
  3467 | D:5      | Killed Ijyb
  3641 | D:5      | Found a staircase to the Ecumenical Temple.
  3668 | Temple   | Entered the Ecumenical Temple
  3691 | Temple   | Became a worshipper of Warmaster Okawaru
  3740 | D:5      | Reached XP level 8. HP: 49/49 MP: 8/8
  3896 | D:5      | Found a white marble altar of Elyvilon.
  4098 | D:6      | Reached * piety under Okawaru
  4613 | D:6      | Reached skill level 10 in Maces & Flails
  4615 | D:6      | Reached ** piety under Okawaru
  4616 | D:6      | Reached XP level 9. HP: 53/54 MP: 9/9
  4665 | D:6      | Found a sparkling altar of Nemelex Xobeh.
  4899 | D:7      | Found a sand-covered staircase.
  4916 | Ossuary  | Entered an ossuary
  5125 | Ossuary  | Reached *** piety under Okawaru
  5571 | D:7      | Found Osus Edgh's Book Boutique.
  5804 | D:7      | Reached XP level 10. HP: 59/59 MP: 10/10
  5841 | D:7      | Found a blossoming altar of Fedhas.
  6199 | D:8      | Noticed Pikel
  6216 | D:8      | Killed Pikel
  6216 | D:8      | Reached **** piety under Okawaru
  6234 | D:8      | Found a staircase to the Lair.
  6234 | D:8      | Noticed a death yak
  6240 | D:8      | Noticed a death yak
  6241 | D:8      | Noticed a death yak
  6269 | D:8      | Killed a death yak
  6578 | D:7      | Killed a death yak
  6600 | D:8      | Killed a death yak
  6709 | D:8      | Found a broken altar of Ashenzari.
  6772 | D:8      | Reached skill level 6 in Fighting
  6783 | D:8      | Reached ***** piety under Okawaru
  7401 | Lair:1   | Entered Level 1 of the Lair of Beasts
  7401 | Lair:1   | Noticed a cane toad
  7416 | D:8      | Killed a cane toad
  7416 | D:8      | Received a gift from Okawaru
  7417 | D:8      | Reached skill level 7 in Fighting
  7417 | D:8      | Reached XP level 11. HP: 48/67 MP: 11/11
  7949 | Lair:1   | Reached skill level 8 in Fighting
  7949 | Lair:1   | Reached skill level 5 in Throwing
  7970 | Lair:1   | Received a gift from Okawaru
  7993 | Lair:1   | Got a steaming ring mail {god gift}
  8004 | Lair:1   | Identified the +1 ring mail "Uqaarahe" {Harm} (Okawaru
                  | gifted it to you on level 1 of the Lair of Beasts)
  8133 | Lair:1   | Reached skill level 9 in Fighting
  8359 | Lair:1   | Reached skill level 10 in Fighting
  9121 | Lair:2   | Reached skill level 11 in Fighting
  9469 | Lair:2   | Noticed an eight-headed hydra
  9477 | Lair:2   | Killed an eight-headed hydra
  9478 | Lair:2   | Reached XP level 12. HP: 47/81 MP: 12/12
  9688 | Lair:2   | Reached skill level 12 in Fighting
  9974 | Lair:2   | Received a gift from Okawaru
 10003 | Lair:2   | Reached skill level 13 in Fighting
 10182 | Lair:2   | Reached ****** piety under Okawaru
 10268 | Lair:2   | Found a staircase to the Shoals.
 10721 | Lair:3   | Noticed a seven-headed hydra
 10748 | Lair:2   | Killed a seven-headed hydra
 11005 | Lair:3   | Reached skill level 14 in Fighting
 11835 | Lair:3   | Found a hole to the Spider Nest.
 11843 | Lair:3   | Reached skill level 15 in Fighting
 12017 | Lair:3   | Reached skill level 1 in Invocations
 12173 | Lair:4   | Got a pair of shimmering gloves
 12184 | Lair:4   | Identified the +2 pair of gloves of Nyeganit {*Drain rPois
                  | Stlth+} (You found it on level 4 of the Lair of Beasts)
 12207 | Lair:4   | Reached XP level 13. HP: 92/92 MP: 14/14
 12270 | Lair:4   | Received a gift from Okawaru
 12446 | Lair:4   | Noticed Sonja
 12456 | Lair:4   | Killed Sonja
 12474 | Lair:4   | Reached skill level 5 in Armour
 12646 | Lair:4   | Noticed Nessos
 12667 | Lair:4   | Killed Nessos
 12667 | Lair:4   | Received a gift from Okawaru
 12792 | Lair:4   | Noticed Kirke
 12825 | Lair:4   | Killed from afar by a lindwurm

Illustrated notes

Levels and vault maps discovered:
D:1:      matt_arrival_debris, layout_basic, chequers_serial_rivers_micro_c
D:2:      layout_basic
D:3:      layout_rooms, uniq_grinder, uniq_crazy_yiuf_cottage
D:4:      layout_rooms, pdpol_temple_overflow_zin_treasury_gozag_greed,
          grunt_decor_fettered, uniq_natasha
D:5:      layout_loops_cross, nicolae_overflow_hidden_temple,
          minmay_temple_entry_butterflies, kennysheep_generic_room_6, uniq_ijyb
D:6:      layout_rooms, nemelex_xobeh_ov_fountains_minmay, minmay_holes
D:7:      layout_loops_corners, lemuel_coloured_pillars_altar,
          nicolae_ossuary_entry_ruins, serial_shops, shop
D:8:      layout_loops_cross, ashenzari_altar_1, dpeg_lair_monsters,
          grunt_tough_drop, uniq_pikel
Temple:   compressed_dpeg_triangle_lava_temple
Lair:1:   layout_cave_pods, beast_lair_carwin_9, infiniplex_staircase_pool,
          lemuel_fruit_fields
Lair:2:   layout_chaotic_city, minmay_shoals_entry_hut,
          chequers_serial_rivers_small_a
Lair:3:   layout_cave_pods, spider_nest_entry_a
Lair:4:   layout_loops_ring, nicolae_quartered_pool_super, serial_bayou_shore_b,
          uniq_kirke, uniq_nessos, uniq_sonja

Skill      XL: |  1  2  3  4  5  6  7  8  9 10 11 12 13 |
---------------+----------------------------------------+-----
Fighting       | 4 5 7 11 15 | 15.0
Shields        | 4 5 6 |  6.7
Maces & Flails | 4 5 7 10 12 14 | 14.0
Throwing       | 3 5 |  5.0
Invocations    | 1 4 |  4.2
Armour         | 4 5 |  5.5

Action                   |  1- 3 |  4- 6 |  7- 9 | 10-12 | 13-15 || total
-------------------------+-------+-------+-------+-------+-------++-------
Melee: Flail             |    93 |   109 |   508 |   854 |   137 ||  1701
       Unarmed           |       |       |       |       |     1 ||     1
Throw: Dart              |       |     7 |     1 |       |       ||     8
       Javelin           |       |       |       |     2 |       ||     2
Invok: Heroism           |       |       |       |     2 |       ||     2
Evoke: Wand              |       |       |       |       |     2 ||     2
  Use: Scroll            |       |       |    14 |     4 |       ||    18
 Stab: Paralysed         |       |       |       |       |     2 ||     2
Armor: Scale mail        |     2 |       |       |       |       ||     2
       Plate armour      |    27 |    78 |   256 |   518 |   105 ||   984
Dodge: Dodged            |    16 |    19 |    90 |   149 |    42 ||   316
Block: Kite shield       |    59 |   122 |   402 |   720 |   130 ||  1433
       Reflection        |     6 |       |    12 |     2 |     8 ||    28
       Other             |       |       |       |       |     1 ||     1
